 Dungeon Crawl Stone Soup version 0.30-a0-341-g682706514a (webtiles) character file.

Game seed: 14653629256979875704

101 koil the Ruffian (level 4, -2/36 HPs)
             Began as a Draconian Transmuter on Nov 4, 2022.
             Was an Initiate of Okawaru.
             Slain by an iron imp (6 damage)
             ... summoned by Eustachio
             ... on level 4 of the Dungeon.
             The game lasted 00:06:11 (2917 turns).

koil the Ruffian (Draconian Transmuter)             Turns: 2917, Time: 00:06:12

Health: -2/36      AC:  6    Str: 14    XL:     4   Next: 48%
Magic:  5/7        EV:  9    Int: 13    God:    Okawaru [......]
Gold:   184        SH:  0    Dex: 12    Spells: 5/8 levels left

rFire   . . .      SeeInvis .      - Unarmed
rCold   . . .      Faith    .    (no shield)
rNeg    . . .      Spirit   .    (body armour unavailable)
rPois   .          Reflect  .    (helmet currently unavailable)
rElec   .          Harm     .    r - +0 cloak
rCorr   .          Rampage  .    (no gloves)
Will    .....                    (boots currently unavailable)
Stlth   +.........               c - amulet of regeneration
HPRegen 1.06/turn                h - ring of flight
MPRegen 0.10/turn                (no ring)

@: appendages (expiring), wereblooded, flying, slowed, constricted, very slow
A: horns 2, talons 2, AC +5, unfitting armour, cold-blooded
a: End Transformation, Renounce Religion


You were on level 4 of the Dungeon.
You worshipped Okawaru.
Okawaru was noncommittal.
You had temporarily grown beastly horns and talons.
You visited 1 branch of the dungeon, and saw 4 of its levels.

You collected 184 gold pieces.

Inventory:

Hand Weapons
 b - the +5 morningstar of the Saviour {vorpal, rPois rCorr}
   (You found it on level 3 of the Dungeon)

   It inflicts extra damage upon your enemies.
   rPois:     It protects you from poison.
   rCorr:     It protects you from acid and corrosion.
 k - a +0 sling
 q - a +3 quarterstaff of chaos
Missiles
 g - 4 poisoned darts
Armour
 r - a +0 cloak (worn)
Magical Staves
 d - a staff of death
 f - a staff of poison
Jewellery
 c - an amulet of regeneration (around neck)
 h - a ring of flight (left hand)
 o - a ring of fire
Scrolls
 l - 2 scrolls of poison {unknown}
 n - a scroll of enchant weapon {unknown}
 s - a scroll of noise {unknown}
 t - a scroll of teleportation {unknown}
 u - a scroll of identify {unknown}
Potions
 a - a potion of lignification
 e - 2 potions of curing {unknown}
 i - a potion of degeneration {unknown}
 j - 2 potions of attraction {unknown}
 m - 2 potions of might {unknown}
 p - a potion of heal wounds {unknown}


   Skills:
 + Level 2.2 Fighting
 + Level 2.4 Dodging
 + Level 3.5 Unarmed Combat
 + Level 2.6 Spellcasting
 + Level 2.7 Transmutations


You had 5 spell levels left.
You knew the following spells:

 Your Spells              Type           Power      Damage    Failure   Level
a - Beastly Appendage     Tmut           16%        N/A       8%          1
b - Wereblood             Tmut           8%         N/A       12%         2

Your spell library contained the following spells:

 Spells                   Type           Power      Damage    Failure   Level
 Magic Dart               Conj           4%         1d3       24%         1
 Searing Ray              Conj           2%         2d4       36%         2
 Spider Form              Tmut/Pois      5%         N/A       38%         3
 Ice Form                 Ice/Tmut       5%         N/A       80%         4
 Fulminant Prism          Conj/Hex       0%         3d5       94%         4


Dungeon Overview and Level Annotations

Branches:
Dungeon (4/15)
 Temple: D:4-7

Altars:
Fedhas
Okawaru
Ru

Annotations:
D:4 Eustachio


Innate Abilities, Weirdness & Mutations

You have temporarily grown beastly horns and talons.
Your plain brown scales are hard. (AC +5)
You cannot fit into any form of body armour.
You are cold-blooded and may be slowed by cold attacks.


Message History

You hit Eustachio. You claw Eustachio, but do no damage.
Eustachio is moderately wounded.
Eustachio misses you.
You hit Eustachio. Your kick misses Eustachio.
Eustachio is heavily wounded.
Eustachio casts a spell.
You hit Eustachio. You claw Eustachio.
Eustachio is severely wounded.
The white imp disappears in a puff of smoke!
The ufetubus disappears in a puff of smoke!
Eustachio gestures wildly while chanting.
Eustachio blinks!
You barely miss Eustachio. Your headbutt misses Eustachio.
Eustachio is severely wounded.
The iron imp hits you but does no damage.
Eustachio mumbles some strange words.
Eustachio blinks!
The ball python bites you. The ball python grabs you.
The ball python constricts you. The endoplasm freezes you.
You are frozen.
The ball python completely misses you. The ball python constricts you.
You hit the iron imp but do no damage. The ball python bites you.
The ball python constricts you. The endoplasm freezes you.
You are frozen.
You feel yourself slow down.
The iron imp shouts, "Get thee hence, thou canting weather-bitten gudgeon!"
The iron imp hits you.
* * * LOW HITPOINT WARNING * * *
You hit the endoplasm. You claw the endoplasm.
Your tail-slap misses the endoplasm.
The endoplasm is severely wounded.
The ball python bites you.
* * * LOW HITPOINT WARNING * * *
The ball python constricts you. The endoplasm freezes you.
You are frozen.
* * * LOW HITPOINT WARNING * * *
The iron imp hits you.
You die...

....!......#
g.........#
.......... .......
....
#########.#######
.........5.5!..>#
####...gJ#####.#
####...5S@5@...#
#.......######.#
.######.........#
..............#.#
#............<#...
#.............#####
#...............
#.............##.
#.[......#....#


You could see Eustachio, an iron imp (summoned), a gnoll, a shadow imp
(summoned), an ufetubus (summoned), an endoplasm and a ball python.

Vanquished Creatures
  Crazy Yiuf (D:3)
  2 adders (D:2)
  A worm (D:3)
  2 dart slugs
  5 endoplasms
  4 giant cockroaches
  5 goblins
  3 hobgoblins
  4 jackals (D:1)
  6 ball pythons
  5 bats
  3 frilled lizards
  3 kobolds
  4 rats
48 creatures vanquished.

Notes
Turn   | Place    | Note
-------+----------+-------------------------------------------
     0 | D:1      | koil the Draconian Transmuter began the quest for the Orb.
     0 | D:1      | Reached XP level 1. HP: 16/16 MP: 3/3
   126 | D:1      | Reached XP level 2. HP: 23/23 MP: 3/5
   887 | D:2      | Reached XP level 3. HP: 29/29 MP: 4/6
  1584 | D:3      | Identified the +5 morningstar of the Saviour {vorpal, rPois
                  | rCorr}
  1655 | D:3      | Found a sacrificial altar of Ru.
  1762 | D:3      | Found a runed translucent door.
  1763 | D:3      | Noticed Crazy Yiuf
  1800 | D:3      | Found an iron altar of Okawaru.
  1809 | D:3      | Became a worshipper of Warmaster Okawaru
  1911 | D:3      | Reached XP level 4. HP: 36/36 MP: 5/7
  2070 | D:3      | Found a blossoming altar of Fedhas.
  2705 | D:3      | Learned a level 2 spell: Wereblood
  2717 | D:3      | Killed Crazy Yiuf
  2899 | D:4      | Noticed Eustachio
  2917 | D:4      | Slain by an iron imp

Illustrated notes

Levels and vault maps discovered:
D:1:      heliophobic_arrival_henge, layout_loops_cross
D:2:      layout_basic, due_unseen_surprise
D:3:      layout_basic, nicolae_ru_the_path_less_chosen,
          overflow_temple_1_default, mainiacjoe_overflow_surrounded_room,
          uniq_crazy_yiuf_cottage
D:4:      layout_basic, chequers_arboretum, corexii_corridor_pit,
          columned_hall_lemuel, uniq_edmund, uniq_eustachio

Skill      XL: |  1  2  3 |
---------------+----------+-----
Dodging        | 2 |  2.4
Fighting       | 2 |  2.2
Unarmed Combat | |  3.5
Spellcasting   | |  2.6
Transmutations | |  2.7

Action                   |  1- 3 |  4- 6 || total
-------------------------+-------+-------++-------
Melee: Unarmed           |   132 |    27 ||   159
       Kick              |    14 |    10 ||    24
       Tailslap          |     7 |     1 ||     8
       Punch             |     1 |       ||     1
       Headbutt          |       |     2 ||     2
 Cast: Beastly Appendage |    17 |     5 ||    22
       Wereblood         |       |     1 ||     1
 Stab: Sleeping          |     2 |       ||     2
Armor: Skin              |    41 |     2 ||    43
Dodge: Dodged            |    91 |    25 ||   116

Table legend: (Time is in decaauts)
 A = Elapsed time spent in this place.
 B = Non-inter-level travel time spent in this place.
 C = Inter-level travel time spent in this place.
 D = Time resting spent in this place.
 E = Time spent auto-exploring this place.
 F = Levels seen in this place.
 G = Mean time per level.
                   A        B        C        D        E       F      G
               +--------+--------+--------+--------+--------+-----+--------+
         Total |   2907 |   2799 |    108 |     46 |   2316 |   4 |  726.8 |
       Dungeon |   2907 |   2799 |    108 |     46 |   2316 |   4 |  726.8 |
               +--------+--------+--------+--------+--------+-----+--------+

Top non-repeatable levels by time:
     D:3: 1241 daAuts
     D:2: 886 daAuts
     D:1: 684 daAuts
     D:4: 93 daAuts
